 Dungeon Crawl Stone Soup version 0.28.0-55-gcd9437bce4 (webtiles) character file.

Game seed: 17754437822692004284

91 cbfl8 the Poker (level 4, 0/34 HPs)
             Began as a Merfolk Gladiator on Jan 9, 2023.
             Was an Initiate of Zin.
             Killed by divine providence
             ... invoked by an orc priest
              (13 damage)
             ... on level 3 of the Dungeon.
             The game lasted 00:02:31 (3010 turns).

cbfl8 the Poker (Merfolk Gladiator)                 Turns: 3010, Time: 00:02:32

Health: 0/34       AC:  6    Str: 16    XL:     4   Next: 57%
Magic:  4/4        EV: 13    Int:  7    God:    Zin [......]
Gold:   19         SH:  0    Dex: 15    Spells: 3/3 levels left

rFire   . . .      SeeInvis .   a - +0 trident
rCold   . . .      Faith    .   (no shield)
rNeg    . . .      Spirit   .   b - +0 leather armour
rPois   .          Reflect  .   i - +0 hat
rElec   .          Harm     .   (no cloak)
rCorr   .          Rampage  .   j - +2 pair of gloves
Will    .....                   (no boots)
Stlth   +.........              (no amulet)
HPRegen 0.11/turn               (no ring)
MPRegen 0.09/turn               (no ring)

@: no status effects
A: (nimble swimmer 2), mertail
a: Renounce Religion, Donate Gold


You were on level 3 of the Dungeon.
You worshipped Zin.
Zin was noncommittal.
You visited 1 branch of the dungeon, and saw 3 of its levels.

You collected 43 gold pieces.
You spent 20 gold pieces at shops.
You donated 4 gold pieces to Zin.

Inventory:

Hand Weapons
 a - a +0 trident (weapon)
Missiles
 d - 3 throwing nets (quivered)
Armour
 b - a +0 leather armour (worn)
 c - a +0 helmet
 i - a +0 hat (worn)
 j - a +2 pair of gloves (worn)
Scrolls
 g - a scroll of teleportation
Potions
 e - 2 potions of brilliance
 f - a potion of invisibility
 k - a potion of curing
 l - 2 potions of might


   Skills:
 * Level 2.7 Fighting
 * Level 6.1 Polearms
 - Level 2.2 Throwing
 + Level 0.8 Armour
 + Level 4.4 Dodging
 + Level 0.3 Stealth
 * Level 0.5 Evocations


You had 3 spell levels left.
You didn't know any spells.
Your spell library contained the following spells:

 Spells                   Type           Power      Damage    Failure   Level
 Beastly Appendage        Tmut           0%         N/A       50%         1
 Freeze                   Ice            0%         1d3       50%         1
 Wereblood                Tmut           0%         N/A       65%         2
 Frozen Ramparts          Ice            0%         1d2       86%         3
 Spider Form              Tmut/Pois      0%         N/A       86%         3
 Summon Guardian Golem    Hex/Summ       0%         N/A       86%         3
 Hailstorm                Conj/Ice       0%         3d3       99%         4
 Orb of Destruction       Conj           0%         9d5       100%        7
 Spellforged Servitor     Conj/Summ      0%         N/A       100%        7


Dungeon Overview and Level Annotations

Branches:
Dungeon (3/15)

Altars:
Zin

Shops:
D:3 ?


Innate Abilities, Weirdness & Mutations

((You are very nimble when in or above water. (Stealth+, EV+, Speed+++)))
Your lower body shifts to a powerful aquatic tail in water.


Message History

The iguana bites you.
* * * LOW HITPOINT WARNING * * *
You barely miss the iguana.
The iguana is severely wounded.
The iguana misses you.
You hit the iguana.
You kill the iguana!
Your Polearms skill increases to level 6!
You start resting.
You start resting.
HP restored.
You start waiting.
Done waiting.
You start waiting.
Done waiting.
Okay, then.
Okay, then.
An orc and 2 orc priests come into view.
An orc priest is wielding a +0 dagger and carrying a wand of flame (24).
The orc shouts!
The orc priest shouts! x2
An orc comes into view. It is wielding a +0 flail.
Found a stone staircase leading up.
The orc shouts!
There are monsters nearby!
You closely miss the orc.
The orc priest mumbles some strange prayers to Beogh against you.
Beogh smites you! The orc hits you but does no damage.
You hear an angry hiss.
There are monsters nearby!
You barely miss the orc.
An adder comes into view.
The orc hits you with a +0 flail!
There are monsters nearby!
You are too injured to fight recklessly!
The orc barely misses you.
The adder hisses angrily.
The orc closely misses you.
The orc priest mumbles some strange prayers to Beogh against you.
Beogh smites you!
You die...

#. #.# .#...
.....#######
..........#
####....oS.####..#
.........o.@..<..#
#....o.o#######
#.###..........
#.######### #.#
#.# #.# ########
#.# #......#
#.######.####.#


You could see 2 orc priests, an adder and 2 orcs.

Vanquished Creatures
  An iguana (D:3)
  3 dart slugs (D:1)
  An orc (D:3)
  7 ball pythons
  4 endoplasms
  2 giant cockroaches
  5 goblins
  A hobgoblin (D:2)
  4 jackals (D:1)
  6 quokkas
  7 bats
  A frilled lizard (D:3)
  4 kobolds
  3 rats
49 creatures vanquished.

Vanquished Creatures (others)
  5 plants
5 creatures vanquished.

Grand Total: 54 creatures vanquished

Notes
Turn   | Place    | Note
-------+----------+-------------------------------------------
     0 | D:1      | cbfl8 the Merfolk Gladiator began the quest for the Orb.
     0 | D:1      | Reached XP level 1. HP: 16/16 MP: 1/1
    52 | D:1      | Reached XP level 2. HP: 6/23 MP: 2/2
  1057 | D:1      | Reached skill level 5 in Polearms
  1057 | D:1      | Reached XP level 3. HP: 28/28 MP: 3/3
  1129 | D:1      | Found a faded altar of an unknown god.
  1799 | D:2      | Found a glowing silver altar of Zin.
  2194 | D:2      | Became a worshipper of Zin the Law-Giver
  2238 | D:3      | Reached XP level 4. HP: 34/34 MP: 4/4
  2262 | D:3      | Found Mebom's Magic Scroll Shop.
  2303 | D:3      | Bought a scroll of identify for 20 gold pieces
  2499 | D:3      | Reached skill level 6 in Polearms
  3010 | D:3      | Killed from afar by an orc priest

Illustrated notes

Levels and vault maps discovered:
D:1:      eino_arrival_water_cross, layout_loops_ring,
          chequers_ecumenical_altar_twisty, minmay_pentomino_v2
D:2:      layout_rooms, basic_altar, chequers_big_river
D:3:      layout_basic, serial_shops, nicolae_shop_hallway_stairs,
          shop_fountains

Skill      XL: |  1  2  3  4 |
---------------+-------------+-----
Polearms       | 5 6 |  6.1
Fighting       | |  2.7
Throwing       | |  2.2
Armour         | |  0.8
Dodging        | |  4.4
Stealth        | |  0.3
Evocations     | |  0.5

Action                   |  1- 3 |  4- 6 || total
-------------------------+-------+-------++-------
Melee: Trident           |   140 |    34 ||   174
       Tailslap          |     1 |       ||     1
  Use: Scroll            |       |     6 ||     6
 Stab: Sleeping          |     1 |     1 ||     2
Armor: Leather armour    |    48 |     8 ||    56
Dodge: Dodged            |    82 |    14 ||    96
